 Dungeon Crawl Stone Soup version 0.25.0-37-gb73750e0fb (webtiles) character file.

Game seed: 7269794744294752373

52580 Gwenloh the Impaler (level 14, -2/116 HPs)
             Began as a Merfolk Gladiator on July 9, 2020.
             Was a High Priest of Zin.
             Slain by a sixfirhy (12 damage)
             ... summoned by an orc high priest
             ... on level 2 of the Orcish Mines on July 10, 2020.
             The game lasted 01:38:54 (27330 turns).

Gwenloh the Impaler (Merfolk Gladiator)            Turns: 27330, Time: 01:38:55

Health: -2/116     AC: 13    Str: 14    XL:     14   Next: 64%
Magic:  20/20      EV: 18    Int:  9    God:    Zin [*****.]
Gold:   1413       SH:  6    Dex: 19    Spells: 13/13 levels left

rFire    . . .     SeeInvis .   b - +6 trident (vorpal)
rCold    . . .     Gourm    .   C - +1 buckler
rNeg     + . .     Faith    .   k - +0 scale mail
rPois    .         Spirit   .   c - +1 helmet
rElec    .         Reflect  .   i - scarf {+Inv}
rCorr    .         Harm     .   t - +0 pair of gloves
MR       ++...                  e - +2 pair of boots
Stlth    ..........             K - amulet of magic regeneration
HPRegen  0.29/turn              P - ring of protection from magic
MPRegen  0.42/turn              w - ring of positive energy

@: very slightly contaminated, lightly drained
A: change form in water, swift swim, stealthy swim
a: Recite, Vitalisation, Imprison, Sanctuary, Donate Gold, Renounce Religion,
Evoke Invisibility


You were on level 2 of the Orcish Mines.
You worshipped Zin.
Zin was extremely pleased with you.
You were not hungry.

You visited 5 branches of the dungeon, and saw 20 of its levels.
You also visited: Sewer.

You collected 1569 gold pieces.
You donated 156 gold pieces to Zin.

Inventory:

Hand Weapons
 a - a +4 trident of venom
 b - a +6 vorpal trident (weapon)
Missiles
 d - 4 boomerangs
 q - 2 poisoned darts
 v - 5 silver javelins (quivered)
 y - 7 curare-tipped darts
Armour
 c - a +1 helmet (worn)
 e - a +2 pair of boots (worn)
 i - a scarf of invisibility (worn)
 k - a +0 scale mail (worn)
 t - a +0 pair of gloves (worn)
 C - a +1 buckler (worn)
 H - a +1 plate armour of fire resistance
 I - a +2 plate armour of poison resistance
Jewellery
 u - an uncursed ring of magical power
 w - a ring of positive energy (right hand)
 K - an amulet of magic regeneration (around neck)
 P - a ring of protection from magic (left hand)
Wands
 B - a wand of acid (10)
 E - a wand of digging (4)
 G - a wand of iceblast (10)
 O - a wand of flame (29)
 Q - a wand of paralysis (7)
Scrolls
 g - a scroll of vulnerability
 h - 7 scrolls of teleportation
 l - 6 scrolls of amnesia
 o - 2 scrolls of fog
 p - 4 scrolls of immolation
 r - 4 scrolls of remove curse
 N - 2 scrolls of brand weapon
 X - a scroll of random uselessness {unknown}
Potions
 j - a potion of haste {unknown}
 m - 14 potions of curing
 n - 4 potions of flight
 s - a potion of berserk rage {unknown}
 x - 2 potions of brilliance {unknown}
 z - 3 potions of mutation
 A - 2 potions of might {unknown}
 D - a potion of resistance {unknown}
 J - 2 potions of stabbing {unknown}
 M - a potion of cancellation {unknown}
 R - a potion of degeneration {unknown}
 T - a potion of lignification {unknown}
 U - a potion of ambrosia {unknown}
Comestibles
 f - 30 rations


   Skills:
 * Level 12.6(12.1) Fighting
 * Level 16.0(15.5) Polearms
 * Level 11.7(11.3) Throwing
 + Level 5.0(4.7) Armour
 + Level 13.2(12.8) Dodging
 - Level 4.0(3.6) Shields
 + Level 8.0(7.6) Invocations
 + Level 5.5(5.2) Evocations


You had 13 spell levels left.
You didn't know any spells.
Your spell library contained the following spells:

 Spells                   Type           Power        Failure   Level  Hunger
 Sandblast                Erth           #.....       86%         1    ##.....
 Passwall                 Tmut/Erth      #.......     94%         2    ###....
 Stone Arrow              Conj/Erth      #.....       99%         3    ####...
 Petrify                  Tmut/Erth      #.......     100%        4    #####..
 Lee's Rapid Deconstruct  Erth           #.........   100%        5    ######.


Dungeon Overview and Level Annotations

Branches:
Dungeon (10/15)            Temple (1/1) D:6            Lair (6/6) D:10
  Swamp (0/4) Lair:3        Snake (0/4) Lair:3        Slime (0/5) Lair:5
    Orc (2/2) D:10            Elf (1/3) Orc:2         Sewer (visited)

Altars:
Ashenzari
Cheibriados
Dithmenos
Elyvilon
Fedhas
Gozag
Hepliaklqana
Kikubaaqudgha
Makhleb
Nemelex Xobeh
Okawaru
Qazlal
Ru
Sif Muna
Trog
Uskayaw
Vehumet
Wu Jian
Xom
Yredelemnul
Zin
The Shining One
Beogh
Jiyva

Shops:
D:5 (   Orc:2 (}

Annotations:
Lair:5 1 runed translucent door
Lair:6 1 runed translucent door, Asparus's ghost, journeyman DEAE
Orc:2 Saint Roka


Message History

The sixfirhy hits you but does no damage.
The sixfirhy barely misses you. The sixfirhy hits you! The sixfirhy shocks you!
* * * LOW HITPOINT WARNING * * *
The orc warrior no longer looks unusually strong.
Okay, then.
Okay, then.
The orc high priest mumbles some strange prayers to Beogh against you.
Beogh smites you!
* * * LOW HITPOINT WARNING * * *
The orc wizard mumbles some strange words.
The orc wizard flickers and vanishes!
Deactivating autopickup; reactivate with Ctrl-A.
Unknown command.
The sixfirhy closely misses you. You block the sixfirhy's attack.
The sixfirhy completely misses you.
There is an escape hatch in the ceiling here.
The sixfirhy hits you!
* * * LOW HITPOINT WARNING * * *
The sixfirhy shocks you!
You die...

##.#..........# ###..........#
### #...........## ##.##
###........## #... ###.......##
##..### ##.#........# #...#..
###...........##### ####..(..
#.............#.#.#######..[...((
#...............@3.##.##eo{..[.(.
##.....#.#.#...)[<.#...o#.o.).(..
##....######.......o.o4oo#.....##
......## ##.........#o.....#.#
.......# ##....###.###.#...###
.......#####.....##### ###...# #
##.......#.........# #.....##.
#.#............#### ##.#.###∩
#.##..........## ##### ##


You could see an orc high priest, a sixfirhy (summoned) and an orc warrior.

Vanquished Creatures
  6 hydras
  A catoblepas (Lair:6)
  4 death yaks
  2 lindwurms
  3 orc knights (Orc:2)
  5 oklob plants
  3 orc sorcerers (Orc:2)
  5 black mambas
  9 elephants
  9 spiny frogs
  6 komodo dragons
  2 rime drakes (Lair:3)
  A queen bee (Lair:2)
  3 hornets
  4 polar bears
  6 hippogriffs
  4 dream sheep (Lair:6)
  11 blink frogs
  13 spriggans
  40 yaks
  3 wyverns
  A steam dragon (Lair:3)
  2 hungry ghosts (D:10)
  4 basilisks
  Menkaure (D:4)
  A naga (Lair:3)
  15 water moccasins
  8 porcupines
  20 orc warriors
  5 black bears
  6 ice beasts
  6 ogres
  2 necrophages
  4 boggarts (Lair:6)
  30 wolves
  4 centaurs
  13 crocodiles
  3 big kobolds
  15 bullfrogs
  6 scorpions
  27 killer bees
  18 wights
  8 howler monkeys
  4 crimson imps
  2 jellies
  2 quasits
  14 orc priests
  2 hounds (D:8)
  3 centaur skeletons
  5 iguanas
  19 orc wizards
  A bullfrog skeleton (D:4)
  6 worker ants
  Ijyb (D:4)
  3 gnolls (D:2)
  A howler monkey skeleton (D:4)
  7 adders
  2 river rats (Sewer)
  An adder skeleton (D:9)
  5 leopard geckos
  74 orcs
  3 ball pythons
  4 giant cockroaches
  7 goblins
  5 hobgoblins
  7 jackals
  A quokka (D:2)
  6 bats
  4 frilled lizards
  17 kobolds
  A leopard gecko skeleton (D:5)
  A leopard gecko zombie (D:6)
  A quokka zombie (D:5)
  10 rats
558 creatures vanquished.

Vanquished Creatures (others)
  16 fungi
  10 plants
26 creatures vanquished.

Grand Total: 584 creatures vanquished

Notes
Turn   | Place    | Note
-------+----------+-------------------------------------------
     0 | D:1      | Gwenloh the Merfolk Gladiator began the quest for the Orb.
     0 | D:1      | Reached XP level 1. HP: 16/16 MP: 1/1
   174 | D:1      | Reached XP level 2. HP: 23/23 MP: 2/2
   858 | D:2      | Reached XP level 3. HP: 28/28 MP: 3/3
   912 | D:2      | Reached skill level 5 in Polearms
   912 | D:2      | Reached XP level 4. HP: 10/34 MP: 4/4
  1474 | D:2      | Reached XP level 5. HP: 41/41 MP: 5/5
  1477 | D:2      | Reached skill level 5 in Dodging
  1588 | D:2      | Found a sacrificial altar of Ru.
  1733 | D:2      | Found a glowing golden altar of the Shining One.
  2021 | D:2      | Noticed an ice beast
  2033 | D:2      | Killed an ice beast
  2033 | D:2      | Reached skill level 1 in Armour
  2033 | D:2      | Reached XP level 6. HP: 34/48 MP: 6/6
  2771 | D:4      | Found a stormy altar of Qazlal.
  2785 | D:4      | Reached skill level 6 in Polearms
  3067 | D:4      | Found an ornate altar of the Wu Jian Council.
  3156 | D:4      | Reached XP level 7. HP: 54/54 MP: 7/7
  3227 | D:4      | Noticed Menkaure
  3238 | D:4      | Killed Menkaure
  3656 | D:5      | Entered Level 5 of the Dungeon
  3698 | D:4      | Noticed Ijyb
  3710 | D:4      | Killed Ijyb
  3870 | D:5      | Found Elyroph's Antique Weapon Shop.
  3917 | D:5      | Found a glowing drain.
  3933 | Sewer    | Entered a sewer
  3946 | Sewer    | Reached skill level 7 in Polearms
  4221 | Sewer    | Found a glowing silver altar of Zin.
  4231 | Sewer    | Became a worshipper of Zin the Law-Giver
  4231 | Sewer    | Reached * piety under Zin
  4575 | D:5      | Reached skill level 1 in Shields
  4575 | D:5      | Reached XP level 8. HP: 49/61 MP: 8/8
  4599 | D:5      | Reached skill level 5 in Fighting
  5935 | D:6      | Reached skill level 8 in Polearms
  5935 | D:6      | Reached skill level 5 in Throwing
  5965 | D:6      | Found a staircase to the Ecumenical Temple.
  6071 | D:6      | Reached ** piety under Zin
  6108 | D:6      | Reached XP level 9. HP: 69/69 MP: 9/9
  6573 | Temple   | Entered the Ecumenical Temple
  6808 | D:7      | Reached skill level 9 in Polearms
  6808 | D:7      | Reached skill level 1 in Invocations
  8057 | D:7      | Found a sparkling altar of Nemelex Xobeh.
  8244 | D:8      | Reached XP level 10. HP: 69/79 MP: 11/11
  8375 | D:8      | Reached skill level 10 in Polearms
  8530 | D:8      | Found a bloodstained altar of Trog.
  9946 | D:9      | Got a transparent chain mail
  9958 | D:9      | Identified the cursed +0 chain mail "Ziadwupte" {rPois
                  | Str-5 Int+6 Dex+2} (You found it on level 9 of the Dungeon)
 10008 | D:9      | Reached *** piety under Zin
 10019 | D:9      | Found a burning altar of Makhleb.
 10217 | D:9      | Found an opulent altar of Gozag.
 10843 | D:10     | Entered Level 10 of the Dungeon
 10927 | D:10     | Reached skill level 10 in Dodging
 11102 | D:10     | Found a staircase to the Orcish Mines.
 11122 | D:10     | Reached skill level 11 in Polearms
 11443 | D:10     | Reached XP level 11. HP: 87/87 MP: 12/14
 11577 | D:10     | Found a staircase to the Lair.
 12275 | Lair:1   | Entered Level 1 of the Lair of Beasts
 12628 | Lair:1   | Reached **** piety under Zin
 13318 | Lair:2   | Noticed an oklob plant
 13318 | Lair:2   | Noticed an oklob plant
 13319 | Lair:2   | Noticed an oklob plant
 13401 | Lair:2   | Reached skill level 12 in Polearms
 14025 | Lair:2   | Noticed an eight-headed hydra
 14041 | Lair:2   | Killed an eight-headed hydra
 14041 | Lair:2   | Reached skill level 5 in Invocations
 14058 | Lair:2   | HP: 4/89 [polar bear (23)]
 14607 | Lair:2   | Reached skill level 1 in Evocations
 15041 | Lair:2   | Reached XP level 12. HP: 69/97 MP: 15/15
 15624 | Lair:2   | Reached skill level 10 in Fighting
 15913 | Lair:2   | Reached skill level 13 in Polearms
 16128 | Lair:3   | Noticed a six-headed hydra
 16233 | Lair:3   | Killed a six-headed hydra
 16362 | Lair:3   | Noticed a five-headed hydra
 16873 | Lair:3   | Found a staircase to the Snake Pit.
 17036 | Lair:3   | Killed a five-headed hydra
 17177 | Lair:3   | Found a staircase to the Swamp.
 17863 | Lair:4   | Noticed a death yak
 17863 | Lair:4   | Noticed a death yak
 17903 | Lair:4   | Killed a death yak
 17903 | Lair:4   | Reached skill level 10 in Throwing
 18017 | Lair:4   | Noticed a death yak
 18031 | Lair:4   | Noticed a death yak
 18039 | Lair:4   | Killed a death yak
 18102 | Lair:3   | Killed a death yak
 18102 | Lair:3   | Reached skill level 14 in Polearms
 18102 | Lair:3   | Reached XP level 13. HP: 39/105 MP: 17/17
 20920 | Lair:5   | Found a runed translucent door.
 20921 | Lair:5   | Found a viscous altar of Jiyva.
 20928 | Lair:5   | Found a staircase to the Slime Pits.
 21105 | Lair:6   | Entered Level 6 of the Lair of Beasts
 21329 | Lair:6   | Reached skill level 15 in Polearms
 21534 | Lair:6   | Found a runed translucent door.
 21540 | Lair:6   | Noticed Asparus's ghost (journeyman DEAE)
 22196 | Lair:6   | Reached ***** piety under Zin
 22450 | Lair:6   | Reached XP level 14. HP: 114/114 MP: 19/19
 23214 | Lair:6   | Reached skill level 5 in Evocations
 25267 | Orc:1    | Entered Level 1 of the Orcish Mines
 25933 | Orc:1    | Found a roughly hewn altar of Beogh.
 25978 | Orc:2    | Entered Level 2 of the Orcish Mines
 26192 | Orc:2    | Reached skill level 5 in Armour
 26359 | Orc:2    | Found a staircase to the Elven Halls.
 26370 | Orc:2    | Found Tuepac's Gadget Boutique.
 26695 | Orc:2    | Reached skill level 16 in Polearms
 26706 | Elf:1    | Entered Level 1 of the Elven Halls
 26726 | Orc:2    | Found a roughly hewn altar of Beogh.
 26728 | Orc:2    | Noticed Saint Roka
 26731 | Orc:2    | Found Pecsy's Antique Weapon Emporium.
 27330 | Orc:2    | Slain by a sixfirhy

Illustrated notes

Levels and vault maps discovered:
D:1:      dpeg_arrival_more_subterranean_lakeside_camping, layout_rooms,
          serial_rivers, chequers_serial_rivers_room_b,
          chequers_serial_rivers_small_3, chequers_serial_rivers_micro_c,
          chequers_serial_rivers_marsh, chequers_serial_rivers_micro_a,
          chequers_serial_rivers_marsh
D:2:      layout_loops_corners, nicolae_tso_swordbearing_angel,
          lemuel_doored_altar, serial_rivers, chequers_serial_rivers_room_a,
          chequers_serial_rivers_micro_e, chequers_serial_rivers_micro_c,
          chequers_serial_rivers_micro_c, first_ration, minmay_misc_feat_room
D:3:      layout_basic
D:4:      layout_basic, grunt_temple_overflow_open, minmay_misc_feat_diagonals,
          mrwooster_statue_mirror, uniq_ijyb, uniq_menkaure
D:5:      layout_gridville, serial_shops, shop, portal_sewer_entry_e,
          minmay_misc_feat_rugged, nicolae_zen_rock_garden
D:6:      layout_cave_pools, temple_pool_b
D:7:      layout_rooms, lemuel_coloured_pillars_altar, st_stairs_9, the_bakery,
          item_on_display_b
D:8:      layout_layer_cave, lemuel_round_altar
D:9:      kennysheep_blocky_hall, layout_small_grid, old_standard_altar,
          lemuel_crystal_altar
D:10:     layout_stronghold, lair_entry_dummy, david_orc_3
Temple:   nicolae_temple_great_sept
Lair:1:   layout_chaotic_city
Lair:2:   layout_long_grid, special_room [special_room_bee], st_stairs_11,
          lemuel_fruit_fields, minmay_lair_oklob_chamber
Lair:3:   layout_loops_ring, swamp_mist, guppyfry_snake_entry_island,
          serial_bayou_pond_d, chequers_serial_rivers_large_a
Lair:4:   layout_small_grid
Lair:5:   layout_concentric_octagons, slime_altar_2
Lair:6:   minmay_lair_end_enchanted_forest, layout_cave_pods,
          hellmonk_ghost_happy_afterlife, serial_bayou_shore_a
Orc:1:    layout_caves, basic_altar, chequers_guarded_unrand_ignorance,
          uniq_sonja
Orc:2:    grunt_orc_cross, layout_diamond_mine, serial_shops, shop
Elf:1:    layout_geoelf_octagon, minmay_elf_necromancy, nrook_uturn, drop_trap,
          onia_ninara_cookie

Skill      XL: |  1  2  3  4  5  6  7  8  9 10 11 12 13 14 |
---------------+-------------------------------------------+-----
Polearms       | 5 6 7 8 9 11 12 14 15 16 | 16.0
Fighting       | 3 4 5 7 8 9 10 11 12 | 12.6
Throwing       | 3 4 5 6 7 9 10 11 | 11.7
Dodging        | 5 6 7 9 10 11 12 13 | 13.2
Armour         | 1 2 3 4 5 |  5.0
Shields        | 1 2 3 4 |  4.0
Invocations    | 2 4 5 6 7 8 |  8.0
Evocations     | 1 3 4 5 |  5.5

Action                   |  1- 3 |  4- 6 |  7- 9 | 10-12 | 13-15 || total
-------------------------+-------+-------+-------+-------+-------++-------
Melee: Trident           |    46 |   124 |   422 |   881 |  1070 ||  2543
       Tailslap          |     1 |     1 |     1 |       |    13 ||    16
Throw: Stone             |    39 |    14 |       |       |       ||    53
       Dart              |       |    26 |    69 |   231 |   155 ||   481
       Throwing net      |       |       |     2 |     1 |     3 ||     6
       Javelin           |       |       |       |    26 |     4 ||    30
Invok: Recite            |       |       |     5 |     8 |       ||    13
       Vitalisation      |       |       |     1 |    13 |    10 ||    24
 Abil: Evoke Invisibilit |       |       |       |     2 |     4 ||     6
Evoke: Wand              |       |       |       |     1 |     1 ||     2
  Use: Scroll            |       |       |    13 |     8 |     9 ||    30
       Potion            |       |       |       |     1 |     3 ||     4
 Stab: Sleeping          |       |     1 |       |       |       ||     1
       Held in net/web   |       |       |     1 |       |       ||     1
       Confused          |       |       |     1 |       |       ||     1
       Invisible         |       |       |       |    10 |    12 ||    22
  Eat: Chunk             |       |     6 |    10 |    21 |    16 ||    53
       Ration            |       |       |     2 |     3 |     5 ||    10
Armor: Leather armour    |    12 |    20 |    33 |       |       ||    65
       Scale mail        |       |       |    50 |   157 |   171 ||   378
       Plate armour      |       |       |       |       |     9 ||     9
Dodge: Dodged            |    25 |    72 |   158 |   473 |   441 ||  1169
Block: Buckler           |       |       |    52 |   152 |   231 ||   435
